 Dungeon Crawl Stone Soup version 0.32-a0-12-g7fc57aa741 (webtiles) character file.

Game seed: 7394242468308840096

205 cvdvbs the Trooper (level 5, -10/47 HPs)
             Began as a Minotaur Fighter on Jan 14, 2024.
             Killed by nerve-wracking pain
             ... invoked by an orc priest
              (11 damage)
             ... on level 3 of the Dungeon.
             The game lasted 00:03:10 (1597 turns).

cvdvbs the Trooper (Minotaur Fighter)               Turns: 1597, Time: 00:03:12

Health: -10/47     AC: 15    Str: 22    XL:     5   Next: 53%
Magic:  4/4        EV:  6    Int:  5    God:
Gold:   176        SH:  4    Dex: 10    Spells: 4/4 levels left

rFire   . . .        a - +0 war axe (spect)
rCold   + . .        c - +0 buckler
rNeg    . . .        k - +1 plate armour
rPois   .            (helmet restricted)
rElec   .            (no cloak)
rCorr   .            (no gloves)
SInv    .            (no boots)
Will    .....        (no amulet) Stlth
                     j - ring of protection from cold
HPRegen 0.27/turn    (no ring)
MPRegen 0.09/turn

%: no passive effects
@: no status effects
A: horns 2, retaliatory headbutt, iridescent scales 1
a: no special abilities


You were on level 3 of the Dungeon.
You visited 1 branch of the dungeon, and saw 3 of its levels.

You collected 176 gold pieces.

Inventory:

Hand Weapons
 a - a +0 spectral war axe (weapon)
Armour
 c - a +0 buckler (worn)
 k - a +1 plate armour (worn)
Jewellery
 j - a ring of protection from cold (left hand)
Wands
 f - a wand of flame (28)
 l - a wand of paralysis (9)
Scrolls
 n - 2 scrolls of fear {unknown}
 o - a scroll of poison {unknown}
Potions
 b - a potion of attraction
 d - a potion of might
 e - a potion of berserk rage {unknown}
 g - a potion of mutation
 h - a potion of resistance {unknown}
 i - 2 potions of invisibility {unknown}
 m - a potion of curing {unknown}


   Skills:
 + Level 4.7 Fighting
 + Level 3.7 Axes
 + Level 4.6 Armour
 + Level 2.3 Dodging
 + Level 4.7 Shields


You had 4 spell levels left.
You didn't know any spells.
Your spell library contained the following spells:

 Spells                   Type           Power      Damage    Failure   Level
 Tukima's Dance           Hex            0%         N/A       100%        3
 Passage of Golubria      Tloc           0%         N/A       100%        4
 Yara's Violent Unravell  Hex/Alch       0%         3d3       100%        5


Dungeon Overview and Level Annotations

Branches:
Dungeon (3/15)

Altars:


Innate Abilities, Weirdness & Mutations

You have a pair of horns on your head.
You reflexively headbutt those who attack you in melee.
You are partially covered in iridescent scales. (AC +2)


Message History

You hit the goblin.
The goblin is severely wounded.
You block the goblin's attack.
You closely miss the goblin. Your headbutt misses the goblin.
The goblin is heavily wounded.
You block the goblin's attack.
You slash the goblin!
You kill the goblin!
The goblin hits you but does no damage.
You closely miss the goblin. The goblin hits you but does no damage.
You closely miss the goblin.
The goblin hits you but does no damage. x2
You hit the goblin. You headbutt the goblin.
You kill the goblin!
The orc priest invokes the aid of Beogh against you.
Beogh smites you!
You hit the orc but do no damage. Your headbutt misses the orc.
The orc hits you with a +0 flail.
You hit the orc but do no damage. The orc hits you but does no damage.
You barely miss the orc. The orc barely misses you.
The orc priest miscasts a cantrip.
The orc hits you but does no damage.
You barely miss the orc. The orc hits you with a +0 flail.
You slash the orc!
You kill the orc!
The orc priest hits you but does no damage.
You hit the orc priest but do no damage.
You headbutt the orc priest!
The orc priest is heavily wounded.
The orc priest hits you but does no damage.
You barely miss the orc priest.
The orc priest is heavily wounded.
You block the orc priest's attack.
You barely miss the orc priest.
The orc priest is heavily wounded.
The orc priest invokes the aid of Beogh against you.
Beogh smites you!
* * * LOW HITPOINT WARNING * * *
The orc priest calls down the wrath of Beogh upon you.
Pain shoots through your body!
You die...

#### #.. ....######.# .
..........%. ..
###########........ ...
#P...b...P#...<.... ....
#P.....bP.#.#...... ....
#.....PP..#.##.....
#..###########..[.....
#..)o@.........#...... #
##.###########........ #. #
#.........#........ #.#
#.....b..b#..#..... #.#.
#....P..bb#..#.#### #.#..
###########......#. ###
#.#.P.#### #....#....##..#.
#.#
#.#...#..###...>.........#.
#.#
###.bP##.............(.....


You could see an orc priest.

Vanquished Creatures
  An orc wizard (D:3)
  Robin (D:3)
  4 gnolls (D:2)
  5 adders
  A ribbon worm (D:2)
  6 orcs (D:3)
  6 ball pythons
  7 bats
  2 endoplasms (D:2)
  5 giant cockroaches
  11 goblins
  11 hobgoblins
  3 kobolds
  A quokka (D:2)
  5 frilled lizards
  7 rats
76 creatures vanquished.

Notes
Turn   | Place    | Note
-------+----------+-------------------------------------------
     0 | D:1      | cvdvbs the Minotaur Fighter began the quest for the Orb.
     0 | D:1      | Reached XP level 1. HP: 19/19 MP: 0/0
   107 | D:1      | Found a faded altar of an unknown god.
   160 | D:1      | Reached XP level 2. HP: 27/27 MP: 1/1
   285 | D:1      | Reached skill level 1 in Dodging
   289 | D:1      | Gained mutation: You are partially covered in iridescent
                  | scales. (AC +2) [potion of mutation]
   570 | D:2      | Reached XP level 3. HP: 33/33 MP: 2/2
   706 | D:2      | Reached XP level 4. HP: 30/40 MP: 3/3
  1264 | D:3      | Reached XP level 5. HP: 47/47 MP: 4/4
  1544 | D:3      | Noticed Robin
  1555 | D:3      | Killed Robin
  1597 | D:3      | HP: 1/47 [orc priest/divine providence (16)]
  1597 | D:3      | Killed from afar by an orc priest

Illustrated notes

Levels and vault maps discovered:
D:1:      matt_arrival_spirals, layout_rooms,
          ebering_ecumenical_altar_sacrificial
D:2:      layout_rooms, minmay_misc_feat_doors
D:3:      layout_rooms, serial_aquarium, aquarium_bridge_square
          [aquarium_subvault_window, aquarium_subvault_wall,
          aquarium_subvault_window, aquarium_subvault_bridge],
          aquarium_bridge_square [aquarium_subvault_bridge,
          aquarium_subvault_wall, aquarium_subvault_bridge,
          aquarium_subvault_wall], aquarium_window_fake,
          aquarium_window_corridor_1, aquarium_window_fake, aquarium_window_2,
          aquarium_view_2c, aquarium_view_2c, guppyfry_early_orc_mine,
          uniq_robin

Skill      XL: |  1  2  3  4 |
---------------+-------------+-----
Dodging        | 1 2 |  2.3
Fighting       | 4 |  4.7
Armour         | 4 |  4.6
Shields        | 4 |  4.7
Axes           | 3 |  3.7

Action                     |  1- 3 |  4- 6 || total
---------------------------+-------+-------++-------
  Melee: War axe           |    67 |    94 ||   161
         Headbutt          |    11 |    14 ||    25
    Use: Scroll            |     4 |     2 ||     6
         Potion            |     1 |       ||     1
 Armour: Scale mail        |    15 |       ||    15
         Plate armour      |    57 |    78 ||   135
  Dodge: Dodged            |    21 |    15 ||    36
  Block: Buckler           |    19 |    18 ||    37

Table legend: (Time is in decaauts)
 A = Elapsed time spent in this place.
 B = Non-inter-level travel time spent in this place.
 C = Inter-level travel time spent in this place.
 D = Time resting spent in this place.
 E = Time spent auto-exploring this place.
 F = Levels seen in this place.
 G = Mean time per level.
                   A        B        C        D        E       F      G
               +--------+--------+--------+--------+--------+-----+--------+
         Total |   1655 |   1637 |     18 |      0 |   1226 |   3 |  551.7 |
       Dungeon |   1655 |   1637 |     18 |      0 |   1226 |   3 |  551.7 |
               +--------+--------+--------+--------+--------+-----+--------+

Top non-repeatable levels by time:
     D:2: 595 daAuts
     D:1: 578 daAuts
     D:3: 480 daAuts
